 Dungeon Crawl Stone Soup version 0.28-a0-622-gbaef9634d7 (webtiles) character file.

Game seed: 9971575709125563321

12446 Ijustatesigmund the Blocker (level 11, -2/89 HPs)
             Began as a Gnoll Fighter on Oct 7, 2021.
             Was a Follower of Cheibriados.
             Slain by a skeletal warrior (20 damage)
             ... led by a skeletal warrior
             ... on level 12 of the Dungeon.
             The game lasted 00:27:56 (10873 turns).

Ijustatesigmund the Blocker (Gnoll Fighter)        Turns: 10873, Time: 00:27:57

Health: -2/89      AC: 18    Str: 26    XL:     11   Next: 93%
Magic:  19/19      EV: 18    Int: 16    God:    Cheibriados [*.....]
Gold:   602        SH: 14    Dex: 22    Spells: 22/23 levels left

rFire   . . .      SeeInvis .   x - +3 falchion (elec)
rCold   . . .      Faith    .   c - +1 kite shield
rNeg    . . .      Spirit   .   y - +1 scale mail of the Desolation of Salt {Str+3 Dex+5}
rPois   .          Reflect  .   (no helmet)
rElec   .          Harm     .   g - +0 cloak
rCorr   .          Rampage  .   e - +2 pair of gloves {Str+3}
Will    .....      Rnd*Tele +   (no boots)
Stlth   +++.......              q - amulet of regeneration
HPRegen 1.24/turn               h - +4 ring of evasion
MPRegen 0.16/turn               s - +4 ring of protection

@: about to teleport, very slow
A: fangs 1, strong nose, distributed training, clever 2, low mp 1, strong 1,
teleportitis 1
a: Renounce Religion, Bend Time


You were on level 12 of the Dungeon.
You worshipped Cheibriados.
Cheibriados was aware of your devotion.
You visited 2 branches of the dungeon, and saw 13 of its levels.

You collected 1352 gold pieces.
You spent 750 gold pieces at shops.

Inventory:

Hand Weapons
 a - a +0 war axe
 x - a +3 falchion of electrocution (weapon)
Missiles
 r - a throwing net (quivered)
Armour
 c - a +1 kite shield (worn)
 e - a +2 pair of gloves of strength (worn)
 g - a +0 cloak (worn)
 y - the +1 scale mail of the Desolation of Salt (worn) {Str+3 Dex+5}
   (You bought it in a shop on level 8 of the Dungeon)

   Str:       It affects your strength (+3).
   Dex:       It affects your dexterity (+5).
Jewellery
 d - a ring of protection from cold
 h - a +4 ring of evasion (left hand)
 i - the ring of the Genius {rF- Will+ Str+2 Int+10 Dex+2}
   (You acquired it on level 5 of the Dungeon)

   [ring of willpower]

   Str:       It affects your strength (+2).
   Int:       It affects your intelligence (+10).
   Dex:       It affects your dexterity (+2).
   rF:        It makes you vulnerable to fire.
   Will:      It increases your willpower.
 q - an amulet of regeneration (around neck)
 s - a +4 ring of protection (right hand)
 v - a +6 ring of intelligence
 z - a ring of ice
 A - a ring of fire
Wands
 f - a wand of polymorph (3)
 m - a wand of flame (54)
 u - a wand of iceblast (12)
Scrolls
 b - 2 scrolls of fear
 n - 2 scrolls of holy word
 p - a scroll of teleportation
Potions
 j - 2 potions of attraction
 k - 2 potions of brilliance
 l - a potion of ambrosia
 o - a potion of lignification
 t - 3 potions of curing
 w - a potion of heal wounds
 B - 2 potions of magic {unknown}


   Skills:
 + Level 9.5 Fighting
 + Level 6.7 Short Blades
 + Level 6.7 Long Blades
 + Level 8.2 Axes
 + Level 6.7 Maces & Flails
 + Level 6.7 Polearms
 + Level 6.7 Staves
 + Level 6.7 Slings
 + Level 6.7 Bows
 + Level 6.7 Crossbows
 + Level 6.7 Throwing
 + Level 9.5 Armour
 + Level 6.7 Dodging
 + Level 6.7 Stealth
 + Level 9.5 Shields
 + Level 6.7 Unarmed Combat
 + Level 6.7 Spellcasting
 + Level 5.6 Conjurations
 + Level 5.6 Hexes
 + Level 5.6 Summonings
 + Level 5.6 Necromancy
 + Level 5.6 Translocations
 + Level 5.6 Transmutations
 + Level 5.6 Fire Magic
 + Level 5.6 Ice Magic
 + Level 5.6 Air Magic
 + Level 5.6 Earth Magic
 + Level 5.6 Poison Magic
 + Level 7.4 Invocations
 + Level 6.7 Evocations


You had 22 spell levels left.
You knew the following spells:

 Your Spells              Type           Power      Damage    Failure   Level
a - Apportation           Tloc           46%        N/A       5%          1

Your spell library contained the following spells:

 Spells                   Type           Power      Damage    Failure   Level
 Animate Skeleton         Necr           46%        N/A       5%          1
 Freeze                   Ice            92%        1d10      5%          1
 Pain                     Necr           92%        1d8       5%          1
 Summon Small Mammal      Summ           92%        N/A       5%          1
 Scorch                   Fire           46%        2d7       8%          2
 Slow                     Hex            23%        N/A       8%          2
 Confusing Touch          Hex            23%        N/A       16%         3
 Frozen Ramparts          Ice            46%        1d6       16%         3
 Stone Arrow              Conj/Erth      46%        3d9       16%         3
 Vampiric Draining        Necr           11%        2d7       16%         3
 Animate Armour           Summ/Erth      46%        N/A       45%         4
 Flame Wave               Conj/Fire      23%        3d6       45%         4
 Hailstorm                Conj/Ice       23%        3d7       45%         4
 Yara's Violent Unravell  Hex/Tmut       11%        3d6       82%         5
 Summon Cactus Giant      Summ           11%        N/A       100%        6
 Lehudib's Crystal Spear  Conj/Erth      11%        10d4      100%        8


Dungeon Overview and Level Annotations

Branches:
Dungeon (12/15)            Temple (1/1) D:7            Lair (0/6) D:8
    Orc (0/2) D:11

Altars:
Ashenzari
Cheibriados
Dithmenos
Elyvilon
Fedhas
Gozag
Hepliaklqana
Kikubaaqudgha
Makhleb
Nemelex Xobeh
Okawaru
Qazlal
Ru
Sif Muna
Trog
Uskayaw
Vehumet
Wu Jian
Xom
Yredelemnul
Zin
The Shining One

Shops:
D:5 !   D:8 =[

Annotations:
D:10 2 runed translucent doors, exclusion: ice statue, Heedrag's ghost, novice DsFE


Innate Abilities, Weirdness & Mutations

You have very sharp teeth.
Your uncanny sense of smell can sniff out nearby items.
Your experience applies equally to all skills.
Your mind is very acute. (Int +4)
Your magical capacity is low. (-10% MP)
Your muscles are strong. (Str +2)
You are occasionally teleported next to monsters.


Message History

You bite the skeletal warrior, but do no damage.
You block the skeletal warrior's attack.
You hit the skeletal warrior.
The skeletal warrior is lightly damaged.
The skeletal warrior hits you with a +0 mace.
The skeletal warrior hits you but does no damage.
You hit the skeletal warrior but do no damage.
The skeletal warrior is lightly damaged.
The skeletal warrior hits you but does no damage.
The skeletal warrior hits you with a +0 halberd!!
The skeletal warrior hits you but does no damage.
You hit the skeletal warrior but do no damage.
Your bite misses the skeletal warrior.
The skeletal warrior is lightly damaged.
You block the skeletal warrior's attack.
The skeletal warrior barely misses you. You block the troll's attack.
The troll misses you. The troll completely misses you.
The skeletal warrior hits you with a +0 mace.
The skeletal warrior closely misses you.
As you read the scroll of teleportation, it crumbles to dust.
You feel strangely unstable.
You block the skeletal warrior's attack.
The troll misses you. The troll claws you. The troll claws you!
You block the skeletal warrior's attack.
The skeletal warrior barely misses you.
The skeletal warrior hits you from afar with a +0 halberd!
* * * LOW HITPOINT WARNING * * *
You block the skeletal warrior's attack.
The skeletal warrior misses you. The troll bites you.
* * * LOW HITPOINT WARNING * * *
You block the troll's attack. The troll misses you.
Your surroundings seem slightly different.
Found 19 gold pieces.
The skeletal warrior completely misses you.
The skeletal warrior barely misses you.
As you read the scroll of teleportation, it crumbles to dust.
You feel strangely unstable.
The skeletal warrior closely misses you.
The skeletal warrior hits you from afar with a +0 halberd!!
You die...

...............#
...............#
#..../...##..<##
..........#####
..........$### #
........zT...#.##
......##zzzz.....
#..... ##......##
...... #@.......
.................
................<
.....$##.......
...... .......
...... #......
..### ...... ##
......


You could see 5 skeletal warriors and a troll.

Vanquished Creatures
  A boulder beetle (D:11)
  Harold (D:7)
  3 two-headed ogres
  Nergalle (D:11)
  A manticore (D:11)
  A gargoyle (D:9)
  A kobold demonologist (D:10)
  A hornet (D:7)
  Prince Ribbit (D:7)
  Grinder (D:3)
  Sigmund (D:4)
  A vampire (D:11)
  3 wraiths
  A wyvern (D:8)
  2 steam dragons (D:9)
  Menkaure (D:7)
  4 vampire mosquitoes (D:10)
  A water moccasin (D:9)
  An acid dragon (D:10)
  Duvessa (D:6)
  A hornet zombie (D:7)
  8 orc warriors
  An ice beast (D:8)
  A black bear (D:5)
  3 ogres
  8 centaurs
  3 necrophages
  2 kobold brigands
  3 bullfrogs
  A scorpion (D:6)
  A wyvern zombie (D:8)
  Dowan (D:6)
  13 killer bees
  8 wights
  A howler monkey (D:6)
  2 centaur skeletons (D:6)
  5 centaur zombies
  4 jellies
  6 orc priests
  4 bullfrog skeletons
  2 hounds (D:5)
  7 orc wizards
  3 iguanas
  A killer bee zombie (D:6)
  A hound zombie (D:5)
  A howler monkey zombie (D:8)
  4 gnolls
  6 adders
  A white imp (D:5)
  4 worms
  7 dart slugs
  42 orcs
  7 endoplasms
  4 giant cockroaches
  5 goblins
  6 hobgoblins
  4 quokkas
  4 ball pythons
  2 bats
  4 frilled lizards (D:1)
  13 kobolds
  2 rats
234 creatures vanquished.

Vanquished Creatures (others)
  2 fungi (D:1)
  3 plants (D:1)
5 creatures vanquished.

Grand Total: 239 creatures vanquished

Notes
Turn   | Place    | Note
-------+----------+-------------------------------------------
     0 | D:1      | Ijustatesigmund the Gnoll Fighter began the quest for the
                  | Orb.
     0 | D:1      | Reached XP level 1. HP: 23/23 MP: 1/1
   194 | D:1      | Reached XP level 2. HP: 26/29 MP: 2/2
   507 | D:1      | Found a faded altar of an unknown god.
   971 | D:2      | Reached XP level 3. HP: 19/35 MP: 3/3
  1201 | D:2      | Reached skill level 1 in Invocations
  1238 | D:2      | Reached skill level 1 in Short Blades
  1238 | D:2      | Reached skill level 1 in Long Blades
  1238 | D:2      | Reached skill level 1 in Maces & Flails
  1238 | D:2      | Reached skill level 1 in Polearms
  1238 | D:2      | Reached skill level 1 in Staves
  1238 | D:2      | Reached skill level 1 in Slings
  1238 | D:2      | Reached skill level 1 in Bows
  1238 | D:2      | Reached skill level 1 in Crossbows
  1238 | D:2      | Reached skill level 1 in Throwing
  1238 | D:2      | Reached skill level 1 in Dodging
  1238 | D:2      | Reached skill level 1 in Stealth
  1238 | D:2      | Reached skill level 1 in Unarmed Combat
  1238 | D:2      | Reached skill level 1 in Spellcasting
  1238 | D:2      | Reached skill level 1 in Evocations
  1371 | D:2      | Identified a scroll of acquirement
  1371 | D:2      | Acquired a +2 pair of gloves of strength
  1506 | D:2      | Reached XP level 4. HP: 40/41 MP: 5/5
  2002 | D:3      | Noticed a bullfrog
  2010 | D:3      | Killed a bullfrog
  2011 | D:3      | Reached skill level 1 in Conjurations
  2011 | D:3      | Reached skill level 1 in Hexes
  2011 | D:3      | Reached skill level 1 in Summonings
  2011 | D:3      | Reached skill level 1 in Necromancy
  2011 | D:3      | Reached skill level 1 in Translocations
  2011 | D:3      | Reached skill level 1 in Transmutations
  2011 | D:3      | Reached skill level 1 in Fire Magic
  2011 | D:3      | Reached skill level 1 in Ice Magic
  2011 | D:3      | Reached skill level 1 in Air Magic
  2011 | D:3      | Reached skill level 1 in Earth Magic
  2011 | D:3      | Reached skill level 1 in Poison Magic
  2011 | D:3      | Reached XP level 5. HP: 47/47 MP: 5/7
  2088 | D:3      | Noticed Grinder
  2099 | D:3      | Killed Grinder
  2100 | D:3      | Reached skill level 5 in Axes
  2100 | D:3      | Reached XP level 6. HP: 34/53 MP: 7/9
  2237 | D:3      | Found a broken altar of Ashenzari.
  2636 | D:3      | Reached XP level 7. HP: 22/59 MP: 10/10
  3392 | D:4      | Noticed Sigmund
  3599 | D:5      | Entered Level 5 of the Dungeon
  3755 | D:5      | Acquired the ring of the Genius {rF- Will+ Str+2 Int+10
                  | Dex+2}
  3777 | D:5      | Found Veschik's Distillery.
  3786 | D:5      | Bought a potion of degeneration for 14 gold pieces
  3786 | D:5      | Bought a potion of heal wounds for 70 gold pieces
  3793 | D:5      | Reached XP level 8. HP: 67/67 MP: 12/12
  4076 | D:5      | Acquired 580 gold pieces
  4308 | D:5      | Found a glowing golden altar of the Shining One.
  4448 | D:6      | Noticed Duvessa
  4448 | D:6      | Noticed Dowan
  4473 | D:6      | Killed Dowan
  4916 | D:6      | Reached XP level 9. HP: 66/72 MP: 14/14
  5136 | D:6      | Found a sacrificial altar of Ru.
  5438 | D:6      | Killed Duvessa
  5706 | D:4      | Killed Sigmund
  6050 | D:7      | Noticed Menkaure
  6092 | D:7      | Found a bloodstained altar of Trog.
  6097 | D:7      | Found a shimmering altar of Xom.
  6273 | D:8      | Found a staircase to the Lair.
  6388 | D:8      | Found Icopepo's Jewellery Shop.
  6393 | D:8      | Bought a +4 ring of protection for 432 gold pieces
  6512 | D:8      | Reached skill level 5 in Invocations
  6834 | D:8      | Reached XP level 10. HP: 80/80 MP: 17/17
  6993 | D:8      | Found Udghoav's Antique Armour Boutique.
  6996 | D:8      | Bought a pitted scale mail for 234 gold pieces
  6996 | D:8      | Identified the +1 scale mail of the Desolation of Salt
                  | {Str+3 Dex+5} (You bought it in a shop on level 8 of the
                  | Dungeon)
  7259 | D:9      | Reached skill level 5 in Short Blades
  7259 | D:9      | Reached skill level 5 in Long Blades
  7259 | D:9      | Reached skill level 5 in Maces & Flails
  7259 | D:9      | Reached skill level 5 in Polearms
  7259 | D:9      | Reached skill level 5 in Staves
  7259 | D:9      | Reached skill level 5 in Slings
  7259 | D:9      | Reached skill level 5 in Bows
  7259 | D:9      | Reached skill level 5 in Crossbows
  7259 | D:9      | Reached skill level 5 in Throwing
  7259 | D:9      | Reached skill level 5 in Dodging
  7259 | D:9      | Reached skill level 5 in Stealth
  7259 | D:9      | Reached skill level 5 in Unarmed Combat
  7259 | D:9      | Reached skill level 5 in Spellcasting
  7259 | D:9      | Reached skill level 5 in Evocations
  7357 | D:9      | Noticed a gargoyle
  7389 | D:9      | Killed a gargoyle
  7631 | D:9      | Gained mutation: Your muscles are strong. (Str +2) [potion
                  | of mutation]
  7631 | D:9      | Gained mutation: Your muscles are very strong. (Str +4)
                  | [potion of mutation]
  7631 | D:9      | Gained mutation: You have hidden genetic defects. [potion
                  | of mutation]
  7787 | D:9      | Found a burning altar of Makhleb.
  7787 | D:9      | Noticed a cacodemon
  7973 | D:7      | Found an ancient bone altar of Kikubaaqudgha.
  7986 | D:7      | Killed Menkaure
  8006 | D:7      | Noticed Harold
  8008 | D:7      | Found a stormy altar of Qazlal.
  8017 | D:7      | Killed Harold
  8038 | D:7      | Gained mutation: You are dopey. (Int -2) [hidden defects]
  8050 | D:7      | Lost mutation: You are dopey. (Int -2) [potion of mutation]
  8050 | D:7      | Lost mutation: Your muscles are very strong. (Str +4)
                  | [potion of mutation]
  8050 | D:7      | Gained mutation: Your mind is acute. (Int +2) [potion of
                  | mutation]
  8050 | D:7      | Gained mutation: You are occasionally teleported next to
                  | monsters. [potion of mutation]
  8050 | D:7      | Gained mutation: Your mind is very acute. (Int +4) [potion
                  | of mutation]
  8112 | D:7      | Found a staircase to the Ecumenical Temple.
  8159 | D:7      | Noticed Prince Ribbit
  8364 | D:7      | Killed Prince Ribbit
  8365 | D:7      | Reached XP level 11. HP: 83/87 MP: 19/19
  8377 | Temple   | Entered the Ecumenical Temple
  8498 | Temple   | Became a worshipper of Cheibriados the Contemplative
  8602 | D:7      | Paralysed by a hornet for 1 turns
  8606 | D:7      | Paralysed by a hornet for 2 turns
  8609 | D:7      | Paralysed by a hornet for 1 turns
  8636 | D:7      | Learned a level 1 spell: Apportation
  8952 | D:10     | Entered Level 10 of the Dungeon
  9006 | D:10     | Gained mutation: Your magical capacity is low. (-10% MP)
                  | [hidden defects]
  9006 | D:10     | Lost mutation: You have hidden genetic defects. [hidden
                  | defects expressed]
  9015 | D:10     | Found a large runed translucent door.
  9033 | D:10     | Found a large runed translucent door.
  9035 | D:10     | Noticed Heedrag's ghost (novice DsFE)
  9087 | D:10     | Noticed a two-headed ogre
  9095 | D:10     | Killed a two-headed ogre
  9096 | D:10     | Reached skill level 5 in Conjurations
  9096 | D:10     | Reached skill level 5 in Hexes
  9096 | D:10     | Reached skill level 5 in Summonings
  9096 | D:10     | Reached skill level 5 in Necromancy
  9096 | D:10     | Reached skill level 5 in Translocations
  9096 | D:10     | Reached skill level 5 in Transmutations
  9096 | D:10     | Reached skill level 5 in Fire Magic
  9096 | D:10     | Reached skill level 5 in Ice Magic
  9096 | D:10     | Reached skill level 5 in Air Magic
  9096 | D:10     | Reached skill level 5 in Earth Magic
  9096 | D:10     | Reached skill level 5 in Poison Magic
  9161 | D:10     | Noticed a two-headed ogre
  9168 | D:10     | Killed a two-headed ogre
 10167 | D:11     | Noticed a manticore
 10175 | D:11     | Killed a manticore
 10182 | D:11     | Reached * piety under Cheibriados
 10308 | D:11     | Found a staircase to the Orcish Mines.
 10338 | D:11     | Noticed Nergalle
 10346 | D:11     | Noticed a spectral orc warlord
 10352 | D:11     | Killed Nergalle
 10485 | D:11     | Noticed a boulder beetle
 10521 | D:11     | Killed a boulder beetle
 10630 | D:11     | Noticed a two-headed ogre
 10790 | D:11     | Killed a two-headed ogre
 10860 | D:12     | Noticed a skeletal warrior
 10862 | D:12     | Noticed a skeletal warrior
 10863 | D:12     | Noticed a skeletal warrior
 10863 | D:12     | Noticed a skeletal warrior
 10863 | D:12     | Noticed a skeletal warrior
 10873 | D:12     | Slain by a skeletal warrior

Illustrated notes

Levels and vault maps discovered:
D:1:      dpeg_arrival_castle, layout_loops_cross,
          shapermc_ecumenical_altar_mp_urbaneastern
D:2:      layout_loops_cross
D:3:      layout_basic, nicolae_ashenzari_skybound, uniq_grinder
D:4:      layout_cave_pools, serial_column_ruins, column_ruins_hut,
          column_ruins_hut_pillars, column_ruins_grid_3, column_ruins_open_tiny,
          column_ruins_open_medium, column_ruins_open_small,
          column_ruins_columns_straight, uniq_sigmund
D:5:      layout_loops_ring, mainiacjoe_overflow_surrounded_room, serial_shops,
          shop, minmay_misc_feat_cross
D:6:      minmay_evil_eye, layout_loops_ring, kennysheep_little_box,
          uniq_duvessa
D:7:      layout_loops_ring, kennysheep_mini_moat,
          nicolae_qazlal_general_emergency, grunt_temple_overflow_open,
          temple_doors_e, uniq_harold, uniq_prince_ribbit1, uniq_menkaure
D:8:      layout_loops_corners, lair_entry_dummy, serial_shops, kennysheep_mini,
          nicolae_shop_statue_plus
D:9:      layout_basic, makhleb_altar_promises_db, corexii_hall_statues_t
D:10:     layout_loops_ring, ebering_ghost_disaster_area, chequers_arboretum,
          minmay_statue_bubble
D:11:     layout_basic, orc_david_3, nicolae_benzene_ring, uniq_nergalle
D:12:     layout_cave_pools, dancing_weapons_uskayaw
Temple:   jpeg_temple_clearing

Skill      XL: |  1  2  3  4  5  6  7  8  9 10 11 |
---------------+----------------------------------+-----
Invocations    | 1 2 3 4 5 6 7 |  7.4
Short Blades   | 1 2 3 4 5 6 |  6.7
Long Blades    | 1 2 3 4 5 6 |  6.7
Maces & Flails | 1 2 3 4 5 6 |  6.7
Polearms       | 1 2 3 4 5 6 |  6.7
Staves         | 1 2 3 4 5 6 |  6.7
Slings         | 1 2 3 4 5 6 |  6.7
Bows           | 1 2 3 4 5 6 |  6.7
Crossbows      | 1 2 3 4 5 6 |  6.7
Throwing       | 1 2 3 4 5 6 |  6.7
Dodging        | 1 2 3 4 5 6 |  6.7
Stealth        | 1 2 3 4 5 6 |  6.7
Unarmed Combat | 1 2 3 4 5 6 |  6.7
Spellcasting   | 1 2 3 4 5 6 |  6.7
Evocations     | 1 2 3 4 5 6 |  6.7
Conjurations   | 1 2 3 4 5 |  5.6
Hexes          | 1 2 3 4 5 |  5.6
Summonings     | 1 2 3 4 5 |  5.6
Necromancy     | 1 2 3 4 5 |  5.6
Translocations | 1 2 3 4 5 |  5.6
Transmutations | 1 2 3 4 5 |  5.6
Fire Magic     | 1 2 3 4 5 |  5.6
Ice Magic      | 1 2 3 4 5 |  5.6
Air Magic      | 1 2 3 4 5 |  5.6
Earth Magic    | 1 2 3 4 5 |  5.6
Poison Magic   | 1 2 3 4 5 |  5.6
Axes           | 5 6 7 8 |  8.2
Fighting       | 7 8 9 |  9.5
Armour         | 7 8 9 |  9.5
Shields        | 7 8 9 |  9.5

Action                   |  1- 3 |  4- 6 |  7- 9 | 10-12 || total
-------------------------+-------+-------+-------+-------++-------
Melee: War axe           |    87 |    90 |   435 |    25 ||   637
       Bite              |     9 |     6 |    55 |    78 ||   148
       Falchion          |       |       |       |   378 ||   378
Throw: Throwing net      |       |       |       |     6 ||     6
Evoke: Wand              |       |       |       |     5 ||     5
  Use: Scroll            |     4 |     4 |     8 |     7 ||    23
       Potion            |       |     2 |     5 |     4 ||    11
 Stab: Sleeping          |       |       |     5 |     2 ||     7
       Distracted        |       |       |     1 |       ||     1
       Held in net/web   |       |       |       |     8 ||     8
Armor: Scale mail        |    25 |    37 |     4 |   118 ||   184
       Ring mail         |       |       |   188 |     9 ||   197
Dodge: Dodged            |    35 |    41 |   289 |   239 ||   604
Block: Buckler           |     1 |       |       |       ||     1
       Kite shield       |    29 |    50 |   332 |   261 ||   672

Table legend: (Time is in decaauts)
 A = Elapsed time spent in this place.
 B = Non-inter-level travel time spent in this place.
 C = Inter-level travel time spent in this place.
 D = Time resting spent in this place.
 E = Time spent auto-exploring this place.
 F = Levels seen in this place.
 G = Mean time per level.
                   A        B        C        D        E       F      G
               +--------+--------+--------+--------+--------+-----+--------+
         Total |  11856 |  11420 |    436 |   1350 |   7434 |  13 |  912.0 |
       Dungeon |  11716 |  11326 |    390 |   1350 |   7352 |  12 |  976.3 |
        Temple |    140 |     95 |     45 |      0 |     82 |   1 |  140.0 |
               +--------+--------+--------+--------+--------+-----+--------+

Top non-repeatable levels by time:
     D:3: 1671 daAuts
    D:10: 1314 daAuts
     D:8: 1227 daAuts
    D:11: 1198 daAuts
     D:6: 1167 daAuts
     D:7: 1131 daAuts
     D:2: 988 daAuts
     D:1: 936 daAuts
     D:5: 903 daAuts
     D:4: 580 daAuts
     D:9: 574 daAuts
  Temple: 140 daAuts
    D:12: 23 daAuts
